 Dungeon Crawl Stone Soup version 0.30-a0-639-g3916f1956a (webtiles) character file.

Game seed: 6565842130263219712

1677 Pooter the Poker (level 8, -4/61 HPs)
             Began as a Demonspawn Gladiator on Jan 15, 2023.
             Was a Follower of Okawaru.
             Slain by an orc warrior
             ... wielding a +0 glaive
              (6 damage)
             ... on level 7 of the Dungeon on Jan 16, 2023.
             The game lasted 00:33:16 (5712 turns).

Pooter the Poker (Demonspawn Gladiator)             Turns: 5712, Time: 00:33:17

Health: -4/61      AC: 21    Str: 18    XL:     8   Next: 70%
Magic:  7/9        EV:  8    Int:  9    God:    Okawaru [*.....]
Gold:   53         SH:  0    Dex: 14    Spells: 7/7 levels left

rFire   . . .      SeeInvis +    a - +1 morningstar (flame)
rCold   . . .      Faith    +    (no shield)
rNeg    . . .      Spirit   .    Z - +4 plate armour
rPois   +          Reflect  .    (helmet restricted)
rElec   .          Harm     .    y - +0 cloak
rCorr   .          Rampage  .    x - +0 pair of gloves
Will    .....                    E - +0 pair of boots Stlth
                                 w - amulet of faith {!P}
HPRegen 0.30/turn                S - ring of see invisible
MPRegen 0.11/turn                P - ring of poison resistance

@: heroic
A: horns 1, spiny 1
a: Renounce Religion, Heroism


You were on level 7 of the Dungeon.
You worshipped Okawaru.
Okawaru was aware of your devotion.
You visited 2 branches of the dungeon, and saw 8 of its levels.

You collected 463 gold pieces.
You spent 410 gold pieces at shops.

Inventory:

Hand Weapons
 a - a +1 morningstar of flaming (weapon)
   (You bought it in a shop on level 3 of the Dungeon)
 b - a +2 shortbow of flaming
   (You took it off a centaur on level 6 of the Dungeon)
 g - a +2 quarterstaff of draining
   (You bought it in a shop on level 3 of the Dungeon)
 h - a +0 short sword of venom
   (You took it off a kobold on level 1 of the Dungeon)
 C - a +0 sling
   (You took it off a goblin on level 3 of the Dungeon)
 L - a +0 trident
 V - the +8 dagger of Greatest Utility {protect, Str+2}
   (You found it on level 5 of the Dungeon)

   Str:       It affects your strength (+2).
 X - a +0 longbow
   (You found it on level 5 of the Dungeon)
Missiles
 d - a throwing net (quivered) {!f}
 e - a javelin
 o - 3 datura-tipped darts
 F - 2 poisoned darts
 N - 2 curare-tipped darts
 Q - 43 stones
 U - 4 atropa-tipped darts
 Y - 2 boomerangs
Armour
 x - a +0 pair of gloves (worn)
   (You found it on level 3 of the Dungeon)
 y - a +0 cloak (worn)
   (You found it on level 3 of the Dungeon)
 E - a +0 pair of boots (worn)
   (You found it on level 3 of the Dungeon)
 J - a +0 kite shield
   (You found it on level 5 of the Dungeon)
 R - the +0 leather armour "Codee" {rC+}
   (You found it on level 5 of the Dungeon)

   rC:        It protects you from cold.
 Z - a +4 plate armour (worn)
   (You found it on level 6 of the Dungeon)
Jewellery
 w - an amulet of faith (around neck) {!P}
   (You found it on level 3 of the Dungeon)
 D - a ring of magical power
   (You found it on level 3 of the Dungeon)
 P - a ring of poison resistance (right hand)
   (You found it on level 2 of the Dungeon)
 S - a ring of see invisible (left hand)
   (You found it on level 1 of the Dungeon)
Wands
 f - a wand of flame (20)
   (You found it on level 4 of the Dungeon)
 W - a wand of roots (17)
   (You took it off Natasha on level 3 of the Dungeon)
Scrolls
 m - a scroll of magic mapping
 n - a scroll of brand weapon
 r - 2 scrolls of fear {unknown}
 t - 3 scrolls of teleportation {@r4}
 u - a scroll of immolation {unknown}
 v - a scroll of poison
 B - 2 scrolls of amnesia {unknown}
 H - a scroll of noise {unknown}
 I - a scroll of vulnerability {unknown}
 M - a scroll of butterflies {unknown}
 O - 4 scrolls of fog {unknown}
Potions
 c - 2 potions of invisibility {unknown}
 i - a potion of brilliance {unknown}
 j - 5 potions of curing {@q1}
 k - a potion of mutation {unknown}
 l - a potion of ambrosia {unknown}
 p - a potion of magic {unknown}
 q - 2 potions of degeneration {unknown}
 s - 2 potions of might
 z - a potion of cancellation {unknown}
 A - a potion of heal wounds {@q2}
 G - 3 potions of haste {unknown}
 K - a potion of flight {unknown}
 T - a potion of lignification {unknown}


   Skills:
 + Level 4.7(9.7) Fighting
 - Level 1.1(6.1) Short Blades
 * Level 2.2(7.7) Maces & Flails
 - Level 4.8(10.1) Polearms
 - Level 2.2(9.1) Staves
 * Level 4.7(9.7) Ranged Weapons
 - Level 2.4(7.4) Throwing
 + Level 3.2(8.2) Armour
 - Level 3.2(8.2) Dodging
 + Level 2.5(7.5) Shields
 + Level 2.4 Invocations


You had 7 spell levels left.
You didn't know any spells.
Your spell library contained the following spells:

 Spells                   Type           Power      Damage    Failure   Level
 Sting                    Tmut/Pois      0%         1d3       100%        1
 Poisonous Vapours        Pois/Air       0%         N/A       100%        2
 Static Discharge         Conj/Air       0%         2-2/arc   100%        2
 Gell's Gravitas          Tloc           0%         N/A       100%        3
 Teleport Other           Tloc           0%         N/A       100%        3
 Vhi's Electric Charge    Tloc/Air       0%         N/A       100%        3
 Olgreb's Toxic Radiance  Pois           0%         N/A       100%        4
 Arcjolt                  Conj/Air       0%         1d10      100%        5
 Lightning Bolt           Conj/Air       0%         1d11      100%        5
 Dispersal                Tloc           0%         N/A       100%        6


Dungeon Overview and Level Annotations

Branches:
Dungeon (7/15)             Temple (1/1) D:6

Altars:
Dithmenos
Fedhas
Gozag
Hepliaklqana
Kikubaaqudgha
Nemelex Xobeh
Okawaru
Qazlal
Ru
Sif Muna
Trog
Uskayaw
Vehumet
Xom

Shops:
D:1 *   D:3 (([   D:6 (((

Annotations:
D:3 3 runed translucent doors, yumyumyeen's ghost, amateur MiMo


Innate Abilities, Weirdness & Mutations

You have a pair of small horns on your head.
You are partially covered in sharp spines.


Message History

You hit the orc wizard. You burn the orc wizard.
The orc wizard hits you but does no damage.
The orc hits you with a +0 falchion.
The orc wizard hits you but does no damage.
The orc hits you but does no damage.
The orc warrior hits you from afar with a +0 glaive!
You hit the orc wizard. You burn the orc wizard.
The orc hits you but does no damage.
The orc wizard is struck by your spines.
You kill the orc wizard!
Okawaru accepts your kill.
The orc warrior hits you but does no damage.
You puncture the orc! You burn the orc.
You kill the orc!
Okawaru accepts your kill. The orc warrior closely misses you.
The orc warrior hits you with a +0 glaive!
Things that are here:
a +0 falchion; 3 boomerangs; an orc corpse You hit the orc warrior but do no damage.
You feel like a meek peon again.
The orc warrior hits you but does no damage.
You closely miss the orc warrior. Your headbutt misses the orc warrior.
The orc warrior hits you but does no damage.
You barely miss the orc warrior. Your headbutt misses the orc warrior.
The orc warrior hits you but does no damage.
You gain the combat prowess of a mighty hero.
The orc warrior hits you but does no damage.
You closely miss the orc warrior. You headbutt the orc warrior.
The orc warrior closely misses you.
The orc warrior is struck by your spines.
The orc warrior hits you with a +0 glaive!
* * * LOW HITPOINT WARNING * * *
You closely miss the orc warrior.
The orc warrior is struck by your spines.
The orc warrior hits you but does no damage.
You barely miss the orc warrior.
The orc warrior hits you but does no damage.
Unknown command.
You hit the orc warrior. You burn the orc warrior.
The orc warrior is struck by your spines.
The orc warrior hits you with a +0 glaive!
* * * LOW HITPOINT WARNING * * *
You sock the orc warrior! You burn the orc warrior.
You headbutt the orc warrior, but do no damage.
The orc warrior hits you with a +0 glaive!
* * * LOW HITPOINT WARNING * * *
You closely miss the orc warrior. You headbutt the orc warrior.
The orc warrior hits you with a +0 glaive.
You die...

.# #. .. ##. ... ###
#######.###.#.. #..
o..o...........
#.##### #####o###
###.....# #...@...#
#.......####..))##.#
##.#.....#.......#
.#
...#>.........++## #
...#..........#.###
.....#'##....)....#
...#.#............#
...#.#########....+
...#.# ....#


You could see an orc warrior.

Vanquished Creatures
  A wyvern (D:6)
  A water moccasin (D:7)
  2 ice beasts
  2 black bears
  2 centaurs
  A necrophage (D:6)
  A bullfrog (D:6)
  3 scorpions
  4 hounds
  2 jellies (D:6)
  A gnoll bouda (D:6)
  Terence (D:3)
  3 iguanas
  An orc wizard (D:7)
  Natasha (thrice) (D:3)
  4 gnolls (D:6)
  6 adders
  A shadow imp (D:6)
  An ufetubus (D:5)
  A worm (D:4)
  A dart slug (D:2)
  3 orcs
  5 ball pythons
  5 bats
  7 endoplasms
  6 giant cockroaches
  5 goblins
  5 hobgoblins
  4 jackals (D:2)
  2 quokkas
  2 frilled lizards (D:1)
  5 kobolds
  4 rats
95 creatures vanquished.

Vanquished Creatures (collateral kills)
  An orc (D:3)
1 creature vanquished.

Vanquished Creatures (others)
  An orc (D:3)
1 creature vanquished.

Grand Total: 97 creatures vanquished

Notes
Turn   | Place    | Note
-------+----------+-------------------------------------------
     0 | D:1      | Pooter the Demonspawn Gladiator began the quest for the
                  | Orb.
     0 | D:1      | Reached XP level 1. HP: 16/16 MP: 1/1
     9 | D:1      | Found Abas's Assorted Antiques.
   306 | D:1      | Gained mutation: You are partially covered in sharp spines.
                  | [demonic ancestry]
   306 | D:1      | Reached XP level 2. HP: 11/22 MP: 2/2
   999 | D:2      | Reached XP level 3. HP: 28/28 MP: 3/3
  1041 | D:2      | Found a faded altar of an unknown god.
  1212 | D:3      | Found Oneps's Antique Weapon Shoppe.
  1263 | D:1      | Bought a scroll labelled LITHRA XOSU WIA for 24 gold pieces
  1263 | D:1      | Bought a scroll labelled OSISUZ ROYMIUG for 24 gold pieces
  1263 | D:1      | Bought a scroll labelled PEUXZA QIC CEPS for 24 gold pieces
  1548 | D:1      | Bought a fuming amethyst potion for 21 gold pieces
  1658 | D:3      | Noticed Natasha
  1662 | D:3      | Killed Natasha
  1663 | D:3      | Reached XP level 4. HP: 33/34 MP: 4/4
  1678 | D:3      | Noticed Natasha
  1696 | D:3      | Killed Natasha
  1877 | D:3      | Found Fixzyxt's Weapon Boutique.
  1888 | D:3      | Noticed Terence
  1909 | D:3      | Killed Terence
  1971 | D:3      | Found Iloin's Antique Armour Emporium.
  1983 | D:3      | Found a runed translucent gate.
  1983 | D:3      | Found a runed translucent gate.
  1983 | D:3      | Found a runed translucent gate.
  1984 | D:3      | Noticed a kobold brigand
  1984 | D:3      | Noticed yumyumyeen's ghost (amateur MiMo)
  2282 | D:4      | Reached XP level 5. HP: 40/40 MP: 5/5
  2296 | D:4      | Reached skill level 1 in Ranged Weapons
  2688 | D:4      | Reached skill level 1 in Armour
  2715 | D:4      | Gained mutation: You have a pair of small horns on your
                  | head. [demonic ancestry]
  2715 | D:4      | Reached XP level 6. HP: 47/47 MP: 6/6
  3007 | D:5      | Entered Level 5 of the Dungeon
  3297 | D:5      | Identified the +8 dagger of Greatest Utility {protect,
                  | Str+2}
  3577 | D:5      | Reached XP level 7. HP: 52/52 MP: 7/7
  3590 | D:5      | Identified the +0 leather armour "Codee" {rC+}
  3709 | D:5      | Reached skill level 1 in Short Blades
  4014 | D:6      | Found a staircase to the Ecumenical Temple.
  4014 | D:6      | Found Empeidgh's Antique Weapon Shoppe.
  4025 | Temple   | Entered the Ecumenical Temple
  4220 | Temple   | Became a worshipper of Warmaster Okawaru
  4376 | D:3      | Bought a runed quarterstaff for 161 gold pieces
  4386 | D:3      | Noticed Natasha
  4392 | D:3      | Killed Natasha
  4449 | D:6      | Noticed a wyvern
  4454 | D:6      | Killed a wyvern
  4455 | D:6      | Reached skill level 1 in Staves
  4455 | D:6      | Reached skill level 1 in Shields
  4769 | D:6      | Found Soedwaco's Antique Weapon Shop.
  4810 | D:6      | Reached XP level 8. HP: 60/60 MP: 8/8
  4999 | D:3      | Bought a +1 morningstar of flaming for 156 gold pieces
  5134 | D:6      | Found Oretoa's Weapon Emporium.
  5160 | D:6      | Reached skill level 1 in Invocations
  5221 | D:6      | Reached * piety under Okawaru
  5230 | D:6      | Reached skill level 1 in Maces & Flails
  5711 | D:7      | HP: 2/61 [orc warrior/+0 glaive (10)]
  5712 | D:7      | Slain by an orc warrior

Illustrated notes

Levels and vault maps discovered:
D:1:      amcnicky_arrival_gap_in_the_tavern_cellar, layout_loops_ring,
          serial_shops, shop, minmay_stone_trees_medium
D:2:      layout_rooms, ebering_ecumenical_altar_webs
D:3:      layout_loops_ring, gammafunk_ghost_nasty_kobolds, serial_shops, shop,
          shop, shop, minmay_strange_pillars, uniq_terence, uniq_natasha
D:4:      layout_basic
D:5:      layout_basic, serial_corexii_hall, chequers_hall_statues_wall_a,
          corexii_hall_statues_i, chequers_hall_statues_y,
          kennysheep_generic_room_7
D:6:      layout_rooms, minmay_temple_entry_glass, serial_shops, shop_fountains,
          nicolae_shop_temple_entry_statues_fountains, nicolae_shop_crystal,
          chequers_serial_rivers_micro_c, serial_bayou_crossing
D:7:      layout_basic
Temple:   roderic_octagonal_lattice_temple

Skill      XL: |  1  2  3  4  5  6  7  8 |
---------------+-------------------------+-----
Polearms       | 3 4 |  4.8
Throwing       | 2 |  2.4
Dodging        | 3 |  3.2
Fighting       | 3 4 |  4.7
Ranged Weapons | 1 2 3 4 |  4.7
Armour         | 1 2 3 |  3.2
Short Blades   | 1 |  1.1
Staves         | 2 |  2.2
Shields        | 1 2 |  2.5
Invocations    | 2 |  2.4
Maces & Flails | 2 |  2.2

Action                   |  1- 3 |  4- 6 |  7- 9 || total
-------------------------+-------+-------+-------++-------
Melee: Trident           |    88 |   108 |       ||   196
       Punch             |       |     1 |     1 ||     2
       Headbutt          |       |    10 |    12 ||    22
       Dagger            |       |     6 |    10 ||    16
       Quarterstaff      |       |       |    21 ||    21
       Morningstar       |       |       |    44 ||    44
 Fire: Sling             |       |     5 |       ||     5
       Longbow           |       |       |    12 ||    12
       Shortbow          |       |       |    21 ||    21
Throw: Javelin           |     2 |       |       ||     2
       Stone             |     2 |       |       ||     2
       Throwing net      |       |     4 |       ||     4
       Dart              |       |     1 |       ||     1
Invok: Heroism           |       |       |     2 ||     2
  Use: Scroll            |     3 |     2 |     4 ||     9
 Stab: Held in net/web   |       |     1 |       ||     1
Armor: Chain mail        |    39 |    55 |    23 ||   117
       Plate armour      |       |       |    65 ||    65
Dodge: Dodged            |    16 |    33 |    34 ||    83
Block: Kite shield       |       |     2 |     2 ||     4

Table legend: (Time is in decaauts)
 A = Elapsed time spent in this place.
 B = Non-inter-level travel time spent in this place.
 C = Inter-level travel time spent in this place.
 D = Time resting spent in this place.
 E = Time spent auto-exploring this place.
 F = Levels seen in this place.
 G = Mean time per level.
                   A        B        C        D        E       F      G
               +--------+--------+--------+--------+--------+-----+--------+
         Total |   5796 |   5144 |    652 |    412 |   3670 |   8 |  724.5 |
       Dungeon |   5579 |   4947 |    632 |    412 |   3499 |   7 |  797.0 |
        Temple |    216 |    196 |     20 |      0 |    171 |   1 |  216.0 |
               +--------+--------+--------+--------+--------+-----+--------+

Top non-repeatable levels by time:
     D:5: 1127 daAuts
     D:3: 1021 daAuts
     D:4: 932 daAuts
     D:6: 871 daAuts
     D:1: 814 daAuts
     D:2: 509 daAuts
     D:7: 302 daAuts
  Temple: 216 daAuts
